 Dungeon Crawl Stone Soup version 0.27-a0-1434-g6f15984924 (webtiles) character file.

Game seed: 3912930094790873581

1467 Brandom the Skirmisher (level 8, -14/57 HPs)
             Began as an Octopode Transmuter on July 1, 2021.
             Was an Initiate of Ashenzari.
             Demolished by a cyclops (26 damage)
             ... on level 6 of the Dungeon on July 2, 2021.
             The game lasted 00:18:26 (5694 turns).

Brandom the Skirmisher (Octopode Transmuter)        Turns: 5694, Time: 00:18:27

Health: -14/57     AC:  1    Str: 12      XL:     8   Next: 77%
Magic:  7/15       EV: 18    Int: 16 (17) God:    Ashenzari [......]
Gold:   179        SH:  0    Dex: 13 (14) Spells: 7/15 levels left

rFire    . . .     SeeInvis .     - Unarmed
rCold    . . .     Faith    .   (no shield)
rNeg     . . .     Spirit   .   (helmet restricted)
rPois    .         Reflect  .   q - amulet of the acrobat
rElec    .         Harm     .   b - +4 ring of evasion
rCorr    +         Rampage  .   j - ring of Ashenzari's Portent {rCorr, Elem, Melee} (curse)
Will     .....                  (no ring)
Stlth    +.........             (no ring)
HPRegen  0.19/turn              (no ring)
MPRegen  0.14/turn              (no ring)
                                (no ring)
                                (no ring)

@: contaminated, glowing
A: almost no armour, amphibious, 8 rings, camouflage 1, gelatinous body 1,
(nimble swimmer 1), tentacles, agile 1, deterioration 1, high mp 1, strong 1
a: Renounce Religion, Curse Item, Shatter the Chains


You were on level 6 of the Dungeon.
You worshipped Ashenzari.
Ashenzari was noncommittal.
You visited 2 branches of the dungeon, and saw 7 of its levels.

You collected 179 gold pieces.

Inventory:

Hand Weapons
 h - a +0 trident
   (You took it off Terence on level 3 of the Dungeon)
Jewellery
 b - a +4 ring of evasion (left tentacle)
   (You found it on level 1 of the Dungeon)
 j - the cursed ring of Ashenzari's Portent (right tentacle) {rCorr, Elem, Melee}
   (You found it on level 3 of the Dungeon)

   [ring of resist corrosion]

   rCorr:     It protects you from acid and corrosion.
   It has a curse which improves the following skills: Elements: Fire Magic, Ice
   Magic, Air Magic and Earth Magic.
   Melee Combat: Short Blades, Long Blades, Axes, Maces & Flails, Polearms,
   Staves and Unarmed Combat.
 q - an amulet of the acrobat (around mantle)
   (You found it on level 5 of the Dungeon)
Wands
 d - a wand of iceblast (8)
   (You took it off Ijyb in the Ecumenical Temple)
 u - a wand of paralysis (9)
   (You took it off a goblin on level 4 of the Dungeon)
Scrolls
 a - a scroll of enchant weapon
 g - 2 scrolls of vulnerability {!r}
 l - a scroll of torment {!r}
 m - 2 scrolls of summoning
 n - 3 scrolls of identify {@r1}
 p - a scroll of enchant armour
 r - a scroll of magic mapping
Potions
 c - 3 potions of curing {@q1}
 e - a potion of degeneration {!q}
 f - 2 potions of cancellation
 i - 2 potions of haste {@q3}
 k - a potion of magic
 o - a potion of heal wounds {@q2}


   Skills:
 * Level 5.7 Fighting
 + Level 4.3 Dodging
 + Level 4.9(5.4) Unarmed Combat
 + Level 4.1 Spellcasting
 + Level 4.3 Transmutations
 + Level 3.1(3.6) Ice Magic
 - Level 2.0 Poison Magic


You had 7 spell levels left.
You knew the following spells:

 Your Spells              Type           Power      Damage    Failure   Level
a - Beastly Appendage     Tmut           34%        N/A       2%          1
b - Ice Form              Ice/Tmut       16%        N/A       32%         4
x - Spider Form           Tmut/Pois      6%         N/A       14%         3

Your spell library contained the following spells:

 Spells                   Type           Power      Damage    Failure   Level
 Wereblood                Tmut           17%        N/A       4%          2
 Animate Skeleton         Necr           6%         N/A       17%         1
 Apportation              Tloc           6%         N/A       17%         1
 Corona                   Hex            3%         N/A       17%         1
 Pain                     Necr           12%        1d4       17%         1
 Summon Small Mammal      Summ           12%        N/A       17%         1
 Blink                    Tloc           N/A        N/A       26%         2
 Slow                     Hex            3%         N/A       26%         2
 Confusing Touch          Hex            3%         N/A       45%         3
 Vampiric Draining        Necr           1%         2d6       45%         3
 Agony                    Necr           3%         N/A       99%         5
 Excruciating Wounds      Necr           1%         N/A       99%         5
 Manifold Assault         Tloc           3%         N/A       99%         5
 Storm Form               Tmut/Air       5%         N/A       100%        7


Dungeon Overview and Level Annotations

Branches:
Dungeon (6/15)             Temple (1/1) D:4

Altars:
Ashenzari
Cheibriados
Dithmenos
Elyvilon
Fedhas
Gozag
Hepliaklqana
Kikubaaqudgha
Nemelex Xobeh
Okawaru
Ru
Sif Muna
Trog
Uskayaw
Vehumet
Wu Jian
Xom
Yredelemnul
Zin
The Shining One


Innate Abilities, Weirdness & Mutations

You cannot wear most types of armour.
You are amphibious.
You can wear up to eight rings at the same time.
Your skin changes colour to match your surroundings (Stealth+).
Your rubbery body absorbs attacks. (AC +1, EV +1)
((You are camouflaged near water. (Stealth+)))
You have tentacles for arms and can constrict up to eight enemies at once.
You are agile. (Dex +2)
Your body sometimes deteriorates upon taking damage.
You have an increased reservoir of magic. (+10% MP)
Your muscles are strong. (Str +2)


Message History

[Y]es or [N]o only, please.
The spell is quite dangerous to cast (30% risk of failure)!
Continue anyway? [Y]es or [N]o only, please.
The spell is quite dangerous to cast (30% risk of failure)!
Continue anyway?
You turn into a creature of crystalline ice.
Found 21 stones.
The orc misses you.
You hit the orc but do no damage. The orc hits you but does no damage.
Ashenzari invites you to partake of a vision and a curse of alchemy and melee combat.
You hit the orc. You freeze the orc. The orc misses you.
You punch the orc! You freeze the orc.
You kill the orc!
No target in view!
No target in view!
No target in view!
Your transformation is almost over.
Things that are here:
a +0 club; a +0 scale mail; an orc corpse A cyclops comes into view.
The cyclops shouts!
The cyclops hits you but does no damage.
You hit the cyclops but do no damage. The cyclops hits you!
You hit the cyclops. You freeze the cyclops. You hit the cyclops.
You freeze the cyclops.
The cyclops hits you but does no damage.
You hit the cyclops. You freeze the cyclops.
You warm up again.
You tentacle-slap the cyclops. The cyclops misses you.
You bludgeon the cyclops! The cyclops barely misses you.
The spell is quite dangerous to cast (30% risk of failure)!
Continue anyway?
You miscast Ice Form.
You are very lightly contaminated with residual magic.
You feel extremely cold!
The spell is quite dangerous to cast (30% risk of failure)!
Continue anyway?
You feel a surge of divine spite.
You miscast Ice Form.
Your body is twisted painfully.
You are contaminated with residual magic.
The cyclops hits you!
Your body deteriorates!
You feel dopey.
You tentacle-slap the cyclops but do no damage.
You tentacle-slap the cyclops. The cyclops completely misses you.
Unknown command.
You tentacle-slap the cyclops. You squeeze the cyclops.
You tentacle-slap the cyclops. The cyclops hits you!!
* * * LOW HITPOINT WARNING * * *
Your body deteriorates!
You feel clumsy.
You tentacle-slap the cyclops but do no damage.
You squeeze the cyclops, but do no damage.
The cyclops hits you!!
You die...

##### #.#@#
#.#C# #.#.#
#)#.#.#.#. #
##........
#(.###..###....
#.....## #.#.
..# #####.#
###.# ....
#.###..)##.....


You could see a cyclops.

Vanquished Creatures
  Grinder (D:3)
  A water moccasin (D:6)
  2 ice beasts (D:6)
  2 ogres
  A necrophage (Temple)
  2 centaurs (D:5)
  A phantom (D:5)
  A water moccasin skeleton (D:6)
  A bullfrog zombie (D:6)
  A jelly (D:4)
  2 hounds
  Natasha (twice) (D:2)
  Terence (D:3)
  Ijyb (Temple)
  2 iguanas
  12 adders
  A white imp (D:6)
  An adder skeleton (D:5)
  A worm (D:5)
  A dart slug (D:1)
  9 orcs
  3 ball pythons
  3 endoplasms
  4 giant cockroaches
  5 goblins
  3 hobgoblins
  12 jackals
  2 kobolds
  4 quokkas
  4 bats
  2 frilled lizards (D:2)
  3 rats
91 creatures vanquished.

Vanquished Creatures (others)
  43 plants (D:4)
43 creatures vanquished.

Grand Total: 134 creatures vanquished

Notes
Turn   | Place    | Note
-------+----------+-------------------------------------------
     0 | D:1      | Brandom the Octopode Transmuter began the quest for the
                  | Orb.
     0 | D:1      | Reached XP level 1. HP: 13/13 MP: 3/3
     5 | D:1      | Upgraded the game from 0.27-a0-1416-g941b2bd30b to
                  | 0.27-a0-1434-g6f15984924
   183 | D:1      | Reached XP level 2. HP: 15/18 MP: 5/5
   801 | D:2      | Noticed Natasha
   808 | D:2      | Killed Natasha
   809 | D:2      | Reached skill level 2 in Fighting
   809 | D:2      | Reached XP level 3. HP: 24/24 MP: 4/6
  1016 | D:2      | Reached XP level 4. HP: 29/29 MP: 5/7
  1024 | D:2      | Learned a level 3 spell: Spider Form
  1312 | D:2      | Noticed Natasha
  1324 | D:2      | Killed Natasha
  1419 | D:2      | Reached XP level 5. HP: 24/35 MP: 8/8
  1747 | D:2      | Learned a level 4 spell: Ice Form
  1851 | D:3      | Noticed Terence
  1860 | D:3      | Killed Terence
  1861 | D:3      | Reached skill level 1 in Poison Magic
  2152 | D:3      | Noticed Grinder
  2169 | D:3      | Found a faded altar of an unknown god.
  2170 | D:3      | Killed Grinder
  2171 | D:3      | Reached skill level 3 in Fighting
  2171 | D:3      | Reached skill level 1 in Ice Magic
  2171 | D:3      | Reached XP level 6. HP: 14/42 MP: 8/10
  2173 | D:3      | Became a worshipper of Sif Muna the Loreminder
  2173 | D:3      | Reached * piety under Sif Muna
  3180 | D:4      | Reached XP level 7. HP: 47/47 MP: 11/11
  3375 | D:4      | Reached skill level 4 in Fighting
  3416 | D:4      | Found a staircase to the Ecumenical Temple.
  3419 | D:4      | Noticed Ijyb
  3431 | Temple   | Entered the Ecumenical Temple
  3432 | Temple   | Killed Ijyb
  3595 | Temple   | Fell from the grace of Sif Muna
  3595 | Temple   | Became a worshipper of Ashenzari the Shackled
  3802 | D:4      | Gained mutation: You are weak. (Str -2) [potion of
                  | mutation]
  3802 | D:4      | Gained mutation: Your body sometimes deteriorates upon
                  | taking damage. [potion of mutation]
  3802 | D:4      | Gained mutation: You are frail. (-10% HP) [potion of
                  | mutation]
  4194 | D:5      | Entered Level 5 of the Dungeon
  4396 | D:5      | Reached XP level 8. HP: 29/48 MP: 10/13
  4665 | D:5      | Reached skill level 5 in Fighting
  5528 | D:6      | Lost mutation: You are weak. (Str -2) [potion of mutation]
  5528 | D:6      | Lost mutation: You are frail. (-10% HP) [potion of
                  | mutation]
  5528 | D:6      | Gained mutation: You have an increased reservoir of magic.
                  | (+10% MP) [potion of mutation]
  5528 | D:6      | Gained mutation: Your muscles are strong. (Str +2) [potion
                  | of mutation]
  5528 | D:6      | Gained mutation: You are agile. (Dex +2) [potion of
                  | mutation]
  5682 | D:6      | Noticed a cyclops
  5694 | D:6      | Demolished by a cyclops

Illustrated notes

Levels and vault maps discovered:
D:1:      ncdulo_watergridlock, layout_basic
D:2:      layout_basic, uniq_natasha
D:3:      layout_basic, shapermc_ecumenical_altar_mp_vishouse, uniq_terence,
          uniq_grinder
D:4:      layout_basic, minmay_temple_entry_tees, serial_bayou,
          serial_bayou_lagoon_a, serial_bayou_pond_b, serial_bayou_shore_b,
          serial_bayou_pond_d, serial_bayou_crossing, serial_bayou_ford_a,
          lemuel_flame_loot_1, uniq_ijyb
D:5:      layout_loops_ring
D:6:      layout_cave_pools, minmay_manual_maat
Temple:   nicolae_temple_the_god_donut

Skill      XL: |  1  2  3  4  5  6  7  8 |
---------------+-------------------------+-----
Fighting       | 2 3 4 5 |  5.7
Poison Magic   | 1 2 |  2.0
Dodging        | 3 4 |  4.3
Transmutations | 3 4 |  4.3
Ice Magic      | 1 2 3 |  3.1
Spellcasting   | 3 4 |  4.1
Unarmed Combat | 4 |  4.9

Action                   |  1- 3 |  4- 6 |  7- 9 || total
-------------------------+-------+-------+-------++-------
Melee: Unarmed           |    46 |   113 |   139 ||   298
       Constrict         |    13 |    29 |     9 ||    51
       Tentacles         |     8 |    16 |    11 ||    35
       Punch             |     2 |     2 |     2 ||     6
       Kick              |     3 |    11 |       ||    14
 Cast: Beastly Appendage |     3 |     8 |     1 ||    12
       Spider Form       |       |       |     9 ||     9
       Ice Form          |       |       |     4 ||     4
Invok: Curse Item        |       |       |     1 ||     1
  Use: Potion            |       |       |     2 ||     2
 Stab: Sleeping          |     1 |     5 |     1 ||     7
Armor: Skin              |     5 |     4 |    11 ||    20
Dodge: Dodged            |    33 |    82 |   131 ||   246

Table legend: (Time is in decaauts)
 A = Elapsed time spent in this place.
 B = Non-inter-level travel time spent in this place.
 C = Inter-level travel time spent in this place.
 D = Time resting spent in this place.
 E = Time spent auto-exploring this place.
 F = Levels seen in this place.
 G = Mean time per level.
                   A        B        C        D        E       F      G
               +--------+--------+--------+--------+--------+-----+--------+
         Total |   5672 |   5489 |    183 |    274 |   4411 |   7 |  810.3 |
       Dungeon |   5457 |   5274 |    183 |    274 |   4267 |   6 |  909.5 |
        Temple |    215 |    215 |      0 |      0 |    144 |   1 |  215.0 |
               +--------+--------+--------+--------+--------+-----+--------+

Top non-repeatable levels by time:
     D:3: 1210 daAuts
     D:4: 1015 daAuts
     D:2: 984 daAuts
     D:5: 901 daAuts
     D:1: 756 daAuts
     D:6: 589 daAuts
  Temple: 215 daAuts
